 Dungeon Crawl Stone Soup version 0.28-a0-664-gc179e30c89 (webtiles) character file.

Game seed: 9888047461892608172

2 acebull12 the Magician (level 1, -1/15 HPs)
             Began as a Djinni Fire Elementalist on Oct 16, 2021.
             Slain by a quokka (3 damage)
             ... on level 1 of the Dungeon.
             The game lasted 00:00:29 (160 turns).

acebull12 the Magician (Djinni Fire Elementalist)    Turns: 160, Time: 00:00:30

Health: -1/15      AC:  2    Str:  7    XL:     1   Next: 33%
Gold:   12         EV: 12    Int: 16    God:
                   SH:  0    Dex: 13

rFire   + + .      SeeInvis .   (no weapon)
rCold   x . .      Faith    .   (no shield)
rNeg    . . .      Spirit   .   a - +0 robe
rPois   ∞          Reflect  .   (no helmet)
rElec   .          Harm     .   (no cloak)
rCorr   .          Rampage  .   (no gloves)
Will    .....                   (boots unavailable)
Stlth   ++........              (no amulet)
HPRegen 0.05/turn               (no ring)
MPRegen 0.00/turn               (no ring)

@: flying
A: sickness immunity, fire resistance 2, cold vulnerability 1, float, innate
caster, hp casting, extra vitality 1
a: no special abilities


You were on level 1 of the Dungeon.
You visited 1 branch of the dungeon, and saw 1 of its levels.

You collected 12 gold pieces.

Inventory:

Armour
 a - a +0 robe (worn)
Scrolls
 c - a scroll of vulnerability {unknown}
Potions
 b - a potion of lignification {unknown}


   Skills:
 + Level 2.2 Dodging
 + Level 1.6 Stealth
 + Level 2.5 Spellcasting


You couldn't memorise any spells.
You knew the following spells:

 Your Spells              Type           Power      Damage    Failure   Level
a - Foxfire               Conj/Fire      40%        2x1d6     7%          1
b - Scorch                Fire           20%        2d6       11%         2
c - Conjure Flame         Conj/Fire      10%        6-21      22%         3
d - Inner Flame           Hex/Fire       10%        N/A       22%         3
e - Flame Wave            Conj/Fire      10%        3d4       56%         4
Your spell library was empty.

Dungeon Overview and Level Annotations

Branches:
Dungeon (1/15)

Altars:


Innate Abilities, Weirdness & Mutations

You are immune to sickness and miasma.
You are immune to poison.
Your flesh is very heat resistant. (rF++)
You are vulnerable to cold. (rC-)
You float through the air rather than walking.
You learn spells naturally, not from books.
Your magical power is your life essence.
You have superior vitality. (+4 HP)


Message History

You barely miss the quokka.
The quokka is almost dead.
The quokka barely misses you.
You hit the quokka but do no damage.
The quokka is almost dead.
The quokka bites you but does no damage.
The quokka barely misses you.
You hit the quokka but do no damage.
The quokka is almost dead.
The quokka barely misses you.
You closely miss the quokka.
The quokka is almost dead.
The quokka barely misses you.
You closely miss the quokka.
The quokka is almost dead.
The quokka closely misses you.
You hit the quokka but do no damage.
The quokka is almost dead.
The quokka barely misses you.
You hit the quokka but do no damage.
The quokka is almost dead.
The quokka barely misses you. The quokka closely misses you.
You hit the quokka but do no damage.
The quokka is almost dead.
The quokka bites you.
You hit the quokka but do no damage.
The quokka is almost dead.
The quokka closely misses you.
You barely miss the quokka.
The quokka is almost dead.
The quokka barely misses you.
You hit the quokka but do no damage.
The quokka is almost dead.
The quokka bites you.
You closely miss the quokka.
The quokka is almost dead.
The quokka bites you.
* * * LOW HITPOINT WARNING * * *
The quokka bites you.
You die...

#......# ##......#
####.......###
##.......##.#.. ..
####..#####....#.#
....###....#.....#......
....§§....#.......#..#.#
..#.###..#....<....#...#
......r@..#.......#..#.#
##..###.#..#.....#..##.#
#.......#..#####....#..
#.####.###.......#..###
#.......##........
#######.##.##.#...
#.#...>...#.##
..............#...
......#.####.#.#..


You could see a quokka.

Vanquished Creatures
  2 kobolds (D:1)
2 creatures vanquished.

Vanquished Creatures (others)
  8 foxfires (D:1)
8 creatures vanquished.

Grand Total: 10 creatures vanquished

Notes
Turn   | Place    | Note
-------+----------+-------------------------------------------
     0 | D:1      | acebull12 the Djinni Fire Elementalist began the quest for
                  | the Orb.
     0 | D:1      | Reached XP level 1. HP: 15/15 MP: 0/0
   160 | D:1      | Slain by a quokka

Illustrated notes

Levels and vault maps discovered:
D:1:      scummos_arrival_hexagon, layout_basic, ebering_ecumenical_altar_ruins,
          due_unseen_surprise

Action                   || total
-------------------------++-------
Melee: Unarmed           ||    20
 Cast: Foxfire           ||     5
Armor: Robe              ||     3
Dodge: Dodged            ||    17

Table legend: (Time is in decaauts)
 A = Elapsed time spent in this place.
 B = Non-inter-level travel time spent in this place.
 C = Inter-level travel time spent in this place.
 D = Time resting spent in this place.
 E = Time spent auto-exploring this place.
 F = Levels seen in this place.
 G = Mean time per level.
                   A        B        C        D        E       F      G
               +--------+--------+--------+--------+--------+-----+--------+
         Total |    160 |    160 |      0 |      0 |    118 |   1 |  160.0 |
       Dungeon |    160 |    160 |      0 |      0 |    118 |   1 |  160.0 |
               +--------+--------+--------+--------+--------+-----+--------+

Top non-repeatable levels by time:
     D:1: 160 daAuts
